[Event "Early-Titled-Tuesday-Blitz-May-07-2024"]
[Site "Chess.com"]
[Date "2024.05.07"]
[Round "7"]
[White "GMBenjaminBok"]
[Black "jefferyx"]
[Result "1/2-1/2"]
[WhiteElo "3055"]
[BlackElo "3127"]
[TimeControl "180+1"]
[EndTime "9:22:23 PDT"]
[Termination "Game drawn - insufficient material"]

1. d4 d5 2. c4 e6 3. Nc3 Nf6 4. cxd5 exd5 5. Bg5 c6 6. e3 Be7 7.
Bd3 h6 8. Bh4 O-O 9. Nge2 Re8 10. O-O a5 11. Rc1 Na6 12. f3 b5 13. Bf2 Bd7 14. h3 Bf8 15. Ng3 Qb8 16. e4 b4 17. Na4 dxe4 18. fxe4 c5 19. e5 Nd5 20. Be4 Be6 21. Qf3 Rd8 22. dxc5 Qb5 23. b3 Rac8 24. Rfd1 Nc3 25. Nxc3 bxc3 26. Bd3 Rxd3 27. Qxd3 Qxd3 28.
Rxd3 Nb4 29. Rcxc3 Nxd3 30. Rxd3 Bxc5 31. Ne4 Bxf2+ 32. Kxf2 Bf5 33. Ke3 Bxe4 34. Kxe4 Rc2 35. a4 Rxg2 36. Kd5 Rc2 37. e6 fxe6+ 38. Kxe6 Kh7 39.
h4 Kg6 40. Rg3+ Kh5 41. Rxg7 Kxh4 42. Ra7 Rc3 43. Rxa5 Rxb3 44. Rd5 Ra3 45. a5 Kg4 46. Kd7 h5 47. Kc7 h4 48. Kb6 h3 49. a6 h2 50. Rd1 Kg3 51. a7 Rxa7 52. Kxa7 Kg2 53. Rd2+ Kg1 54. Rxh2 Kxh2 1/2-1/2

[Event "Early-Titled-Tuesday-Blitz-May-07-2024"]
[Site "Chess.com"]
[Date "2024.05.07"]
[Round "7"]
[White "kylnmd"]
[Black "aanshnerurkar"]
[Result "0-1"]
[WhiteElo "2261"]
[BlackElo "2476"]
[TimeControl "180+1"]
[EndTime "9:22:23 PDT"]
[Termination "aanshnerurkar won on time"]

1. d4 Nf6 2. c4 e6 3. Nf3 b6 4.
Nc3 Bb7 5. Qc2 Bb4 6. Bg5 d6 7. e3 h6 8. Bh4 g5 9. Bg3 Ne4 10. Bd3 Bxc3+ 11. bxc3 f5 12. h4 g4 13.
Ng1 Nxg3 14. fxg3 Nd7 15. d5 exd5 16. Bxf5 Qe7 17. Bg6+ Kd8 18. O-O-O Qxe3+ 19. Kb2 dxc4 20. Rd4 Qxg3 21. Be4 Kc8 22. Ne2 Qf2 23. Bxb7+ Kxb7 24. Qe4+ Kb8 25. Qxg4 Re8 26. Rd2 Ne5 27. Qh5 Kb7 28. Rhd1 Nd3+ 29. Kb1 Re5 30. Qg4 Rae8 31. Nd4 Qe3 32.
Qf3+ Qxf3 33. Nxf3 Rb5+ 34. Ka1 Rg8 35. Nd4 Re5 36. Kb1 a6 37. Kc2 c5 38. Nf3 Re3 0-1

[Event "Early-Titled-Tuesday-Blitz-May-07-2024"]
[Site "Chess.com"]
[Date "2024.05.07"]
[Round "7"]
[White "VirtualCoach"]
[Black "Kostina_Nadezhda"]
[Result "1/2-1/2"]
[WhiteElo "2147"]
[BlackElo "2267"]
[TimeControl "180+1"]
[EndTime "9:22:23 PDT"]
[Termination "Game drawn by repetition"]

1. d4 d5 2. c4 dxc4 3. Nf3 Nf6 4. e3 e6 5. Bxc4 a6 6. Bd3 b5 7. O-O Bb7 8. Nbd2 Be7 9. e4 O-O 10. Qc2 h6 11. b3 Nbd7 12. Bb2 c5 13. Rac1 cxd4 14.
Nxd4 Rc8 15. Qb1 Nc5 16. e5 Nxd3 17. Qxd3 Nd5 18. Qg3 Qd7 19. Ne4 Rxc1 20. Rxc1 Rc8 21. Rd1 Nb4 22. Nf6+ Bxf6 23. exf6 g6 24. Qh4 Kh7 25.
Bc1 h5 26. Qg5 Rxc1 27. Qxc1 Qd5 28. f3 Nxa2 29. Qd2 Qc5 30. Qxa2 e5 31. Qc2 Qb6 32.
Qf2 exd4 33. Qxd4 Qe6 34. Qd7 Qe3+ 35. Kh1 Bxf3 36. Qxf7+ Kh6 37. Rg1 Bxg2+ 38. Kxg2 Qe2+ 39. Kh3 Qf3+ 40. Rg3 Qf1+ 41. Rg2 Qf3+ 42. Rg3 Qf1+ 43. Rg2 Qf3+ 44. Rg3 1/2-1/2

[Event "Early-Titled-Tuesday-Blitz-May-07-2024"]
[Site "Chess.com"]
[Date "2024.05.07"]
[Round "7"]
[White "Puzzlebot_1294"]
[Black "Nitzan_Steinberg"]
[Result "0-1"]
[WhiteElo "2646"]
[BlackElo "2935"]
[TimeControl "180+1"]
[EndTime "9:22:24 PDT"]
[Termination "Nitzan_Steinberg won on time"]

1. d4 Nf6 2. Bf4 d6 3. Nc3 g6 4. e4 Bg7 5. Qd2 c6 6. Bh6 Bxh6 7. Qxh6 Qa5 8. Bd3 Nbd7 9. Ne2 b5 10. Qd2 b4 11.
Nd1 Qb6 12. Ne3 a5 13. a3 Ba6 14. O-O b3 15. c4 e5 16. d5 O-O 17. Kh1 Rfe8 18. Rae1 a4 19. Nc3 Nc5 20. Bb1 Bb7 21.
dxc6 Bxc6 22. Ned5 Bxd5 23. exd5 Qa6 24. Qe2 e4 25. Rd1 Re5 26. Rd4 Rae8 27. Qe3 Kg7 28.
Ne2 Rh5 29. h3 Rhe5 30. Ng3 h5 31. Ne2 h4 32. Nc3 R8e7 33. Qf4 g5 34. Qd2 Qc8 35.
Nd1 Nh5 36. Ne3 f5 37. Qd1 Nf6 38. Qe2 f4 39. Ng4 Nxg4 40. hxg4 Qh8 41. f3 exf3 42. Qxf3 Re3 43. Qf2 h3 44. g3 Kg8 0-1

[Event "Early-Titled-Tuesday-Blitz-May-07-2024"]
[Site "Chess.com"]
[Date "2024.05.07"]
[Round "7"]
[White "willyam13"]
[Black "LimeInTheCoconut"]
[Result "1-0"]
[WhiteElo "2464"]
[BlackElo "2573"]
[TimeControl "180+1"]
[EndTime "9:22:24 PDT"]
[Termination "willyam13 won on time"]

1. e4 e5 2. Nf3 Nc6 3. Bb5 g6 4.
c3 d6 5. d4 Bd7 6. O-O Bg7 7. Bg5 f6 8. Be3 Nge7 9. dxe5 Nxe5 10. Nxe5 fxe5 11. Bc4 Qc8 12. Qb3 Rf8 13. a4 Nc6 14. a5 Nd8 15. Na3 a6 16. Nc2 Be6 17. Nb4 Bxc4 18. Qxc4 Qd7 19. Nd5 Ne6 20. b4 Qc6 21. Qb3 Nf4 22. Bxf4 exf4 23. f3 Be5 24. Rac1 g5 25. c4 h5 26. Kh1 Rf7 27. c5 Kf8 28. cxd6 Qxd6 29. Rfd1 Qg6 30. b5 Rd8 31. bxa6 Qxa6 32.
Qb4+ Kg7 33. h3 Rfd7 34. Re1 c6 35. Nb6 Rd4 36. Qe7+ Kg6 37. Qxe5 Rd2 38. Qf5+ Kh6 39.
Qf6+ Kh7 40. Qxg5 Qxa5 41. Qxa5 Rf2 42. Qxh5+ Kg7 43. Qg5+ Kf7 44. Qxd8 1-0

[Event "Early-Titled-Tuesday-Blitz-May-07-2024"]
[Site "Chess.com"]
[Date "2024.05.07"]
[Round "7"]
[White "masterofpuppets2"]
[Black "Meri-Arabidze"]
[Result "0-1"]
[WhiteElo "2482"]
[BlackElo "2712"]
[TimeControl "180+1"]
[EndTime "9:22:25 PDT"]
[Termination "Meri-Arabidze won by resignation"]

1. d4 Nf6 2. c4 e6 3. Nf3 Bb4+ 4. Bd2 Qe7 5. Nc3 b6 6. g3 Bb7 7. Bg2 O-O 8. O-O Bxc3 9. Bxc3 Ne4 10. Qc2 Nxc3 11.
Qxc3 d6 12. Rfe1 Be4 13. Bf1 Nd7 14. Nd2 Bg6 15. e4 e5 16. Nf3 a5 17. b3 Rae8 18. Bg2 Qf6 19. Bh3 exd4 20. Nxd4 Nc5 21. f3 Ne6 22.
Rad1 c5 23. Nb5 Qxc3 24. Nxc3 Nd4 25. Bg2 f5 26. exf5 Bxf5 27. Nd5 Bc2 28. Rxe8 Rxe8 29. Rd2 Rb8 30. f4 b5 31. cxb5 Rxb5 32. Nc3 Rb8 33. Bd5+ Kf8 34. Kf2 Bf5 35. Bc4 Ke7 36. Nd5+ Kd7 37.
Ne3 Be6 38. g4 Ra8 39. f5 Bxc4 40. Nxc4 Kc6 41. Nb2 h6 42. h4 Re8 43. Nc4 Ra8 44. Nb2 Rf8 45. Kg3 h5 46. gxh5 Nxf5+ 47. Kh3 Nd4 48.
Nc4 Ra8 49. Nb2 Re8 50. Nc4 Ra8 51. Nb2 d5 52. Nd3 Re8 53. Kg4 Re4+ 54. Kg5 Nf3+ 55. Kf5 Nxd2 0-1

[Event "Early-Titled-Tuesday-Blitz-May-07-2024"]
[Site "Chess.com"]
[Date "2024.05.07"]
[Round "7"]
[White "Payyappat"]
[Black "SRob2003"]
[Result "0-1"]
[WhiteElo "2499"]
[BlackElo "2649"]
[TimeControl "180+1"]
[EndTime "9:22:25 PDT"]
[Termination "SRob2003 won on time"]

1. e4 c5 2. Nf3 d6 3. d4 cxd4 4. Nxd4 Nf6 5. Nc3 a6 6. h4 e5 7.
Nb3 Be6 8. f4 exf4 9. Bxf4 Nc6 10. Qd2 Be7 11. O-O-O Ne5 12. Qe3 Qc7 13. h5 h6 14. Be2 Rc8 15. Rhg1 b5 16. a3 Nfd7 17. g4 Bf6 18. Kb1 Nc5 19. Bxb5+ axb5 20. Nxb5 Qb8 21. Nxd6+ Kf8 22. Nxc8 Nxb3 23. cxb3 Qxc8 24. Rc1 Qb7 25. Bxe5 Bxe5 26. Qc5+ Kg8 27. Qxe5 Qxb3 28. Rg3 Qa2+ 29. Kc2 Kh7 30. Rc3 Rd8 31. Rd3 Rc8+ 32. Kd2 Re8 33.
Qb5 Re7 34. Qb4 Ra7 35. e5 g5 36. Qe4+ Kg7 37. Qd4 Rb7 38. Rc2 Qb1 39. b4 Qh1 40. Kc3 Qa1+ 41. Kd2 Qh1 42. Kc3 Rb8 43. Kb2 Rb7 44.
Rdc3 Rd7 45. Qc5 Rd1 0-1

[Event "Early-Titled-Tuesday-Blitz-May-07-2024"]
[Site "Chess.com"]
[Date "2024.05.07"]
[Round "7"]
[White "Kiborg95"]
[Black "OparinGrigoriy"]
[Result "0-1"]
[WhiteElo "2850"]
[BlackElo "2989"]
[TimeControl "180+1"]
[EndTime "9:22:26 PDT"]
[Termination "OparinGrigoriy won by resignation"]

1. e4 c5 2. Nc3 Nc6 3. Nge2 g6 4. d4 cxd4 5. Nxd4 Bg7 6. Be3 Nf6 7. Bc4 O-O 8. Bb3 d6 9. f3 Nxd4 10. Bxd4 Bd7 11.
h4 h5 12. Qd2 b5 13. g4 a5 14. Nd5 Nxd5 15. Bxd5 e5 16. Be3 hxg4 17. h5 Be6 18. hxg6 Bxd5 19. Qxd5 Qf6 20. gxf7+ Qxf7 21. Qxf7+ Rxf7 22. fxg4 Rc8 23. Kd2 Rc4 24. Kd3 Rf3 25. c3 Bf8 26. b3 Rc7 27. Raf1 Rg3 28. Rfg1 Rf3 29. Ke2 Rff7 30. Bd2 a4 31. g5 axb3 32. axb3 Ra7 33. g6 Rf6 34. Rh2 Ra2 35. Rg3 Bg7 36. Kd3 Rf1 37. Rhg2 Rd1 38. c4 bxc4+ 39. bxc4 Bh6 40. Re3 Bxe3 41. Kxe3 Kg7 42. Kd3 Rh1 43. c5 Rh3+ 44. Kc4 Rc2+ 45. Kb5 Rxc5+ 46. Kb6 Rc4 47. Ba5 Rb3+ 48.
Ka6 Ra4 49. Rd2 Rba3 50. Rd5 Kxg6 51. Kb6 Rxa5 52. Rxa5 Rxa5 53. Kxa5 Kg5 54. Kb5 Kf4 55.
Kc6 Kxe4 0-1

[Event "Early-Titled-Tuesday-Blitz-May-07-2024"]
[Site "Chess.com"]
[Date "2024.05.07"]
[Round "7"]
[White "CristianS27"]
[Black "pirulillo"]
[Result "0-1"]
[WhiteElo "2546"]
[BlackElo "2405"]
[TimeControl "180+1"]
[EndTime "9:22:26 PDT"]
[Termination "pirulillo won by resignation"]

1. e4 c5 2. Nf3 e6 3. d4 cxd4 4. Nxd4 Nf6 5. Nc3 Nc6 6. Ndb5 d6 7. Bf4 e5 8. Bg5 a6 9. Na3 b5 10. Bxf6 gxf6 11. Nd5 Bg7 12. g3 Ne7 13. Nxe7 Qxe7 14. Bg2 O-O 15. O-O Bb7 16. c3 f5 17. exf5 Bxg2 18.
Kxg2 Rfd8 19. Nc2 d5 20. Qg4 Kh8 21. Rad1 Rd6 22. Rfe1 Rad8 23. Ne3 f6 24. a4 Qb7 25. Kg1 b4 26. c4 d4 27. Nd5 b3 28. Qe4 Qc6 29. Qd3 Qxa4 30. Ra1 Qc6 31. Qxb3 Rc8 32. Ne7 Qxc4 33. Qa3 Rcd8 34. Rec1 Qf7 35. Rc7 R6d7 36. Rac1 Bf8 37. Rxd7 Rxd7 38. Qxa6 Bxe7 39. b4 Bxb4 40.
Rc8+ Bf8 41. Qe6 Kg7 42. Qc6 d3 43. Qe4 d2 44. Qg4+ Kh8 45. Qd1 Kg8 46. Qg4+ Qg7 47.
Qd1 Rc7 48. Rxc7 Qxc7 49. Qxd2 Qc8 50. g4 Bc5 51. Qd5+ Kg7 52. Kg2 Bd4 53. h3 Qc7 54.
Qe4 Kh6 55. Qf3 Qc2 56. h4 Qb2 57. Kg3 Kg7 58. Kg2 Kh6 59. Kg3 Qc3 60. Kg2 Qxf3+ 61. Kxf3 Kg7 62. Ke2 h5 63. gxh5 Kh6 64. f3 Kxh5 65. Kd3 Kxh4 66. Ke4 Kg5 67. f4+ exf4 68. Kxd4 Kxf5 69. Kd3 Kg4 70. Ke2 f3+ 71. Kf2 Kf4 72. Kf1 Kg3 73. Kg1 f2+ 74. Kf1 f5 0-1

[Event "Early-Titled-Tuesday-Blitz-May-07-2024"]
[Site "Chess.com"]
[Date "2024.05.07"]
[Round "7"]
[White "chess_blitz00"]
[Black "HanSchut"]
[Result "1-0"]
[WhiteElo "2544"]
[BlackElo "2364"]
[TimeControl "180+1"]
[EndTime "9:22:26 PDT"]
[Termination "chess_blitz00 won by resignation"]

1. g3 Nf6 2. Bg2 g6 3. e4 d6 4.
d4 Bg7 5. Nc3 O-O 6. Nge2 c6 7.
O-O Nbd7 8. h3 e5 9. Be3 Re8 10. Qd2 Nb6 11. b3 d5 12. dxe5 Nxe4 13. Nxe4 dxe4 14. Qxd8 Rxd8 15. Rad1 Be6 16. Bd4 Nd7 17.
Nf4 Nf8 18. Bxe4 Rd7 19. Bc3 Rad8 20. Bf3 Bf5 21. Rxd7 Rxd7 22. Rc1 Re7 23. g4 Bc8 24. Nd3 Nd7 25. Re1 Nb6 26. Bb4 Re8 27. Bd6 Nd5 28.
Bxd5 cxd5 29. Nf4 h5 30. gxh5 g5 31. Nxd5 Bxh3 32. h6 Bh8 33. Re3 Be6 34. Nc7 Rc8 35. Nxe6 fxe6 36. Rg3 Kh7 37. Rxg5 Kxh6 38. Rg3 Rxc2 39.
Rh3+ Kg7 40. Be7 Kg8 41. Bd6 Bg7 42. a4 Kf7 43. Rf3+ Ke8 44. Rg3 Kf7 45. Rg4 Re2 46. Rc4 Bxe5 47. Rc7+ Kg6 48. Bxe5 Rxe5 49. Rxb7 a5 50.
Kg2 Re2 51. Kf3 Rb2 52. Rb5 Kf6 53. Ke3 e5 54. f3 Kf5 55. f4 Kf6 56. fxe5+ Ke6 57.
Kd4 Rd2+ 58. Kc3 Rd5 59. Rxd5 Kxd5 60. Kd3 Kxe5 61. Kc4 Kd6 62. Kb5 Kc7 63. Kxa5 Kb8 64. Kb6 Ka8 65. a5 Kb8 66. b4 Ka8 67. b5 Kb8 68.
Ka6 Ka8 69. b6 Kb8 70. b7 Kc7 71. Ka7 1-0

[Event "Early-Titled-Tuesday-Blitz-May-07-2024"]
[Site "Chess.com"]
[Date "2024.05.07"]
[Round "7"]
[White "twofoxniel"]
[Black "Kyrko_Gamba"]
[Result "1-0"]
[WhiteElo "2670"]
[BlackElo "2497"]
[TimeControl "180+1"]
[EndTime "9:22:29 PDT"]
[Termination "twofoxniel won by checkmate"]

1. e4 c5 2. b4 cxb4 3. d4 g6 4. a3 bxa3 5. Nf3 Bg7 6. Bxa3 d6 7. Bc4 Nf6 8. Qe2 O-O 9. O-O d5 10. exd5 Nxd5 11. Re1 Nc6 12. c3 Be6 13. Ng5 Bf5 14.
Qf3 e6 15. Bxf8 Bxf8 16. Ne4 h5 17. h3 h4 18. Nbd2 Rc8 19. Rec1 Bh6 20. Rd1 Nce7 21. Bxd5 exd5 22. Nf6+ Kg7 23. Ng4 Bg5 24. Rxa7 Bc2 25. Rc1 Be4 26. Qe2 Nc6 27. Raa1 Bf5 28. Re1 Qc7 29.
Nf3 Be4 30. Nxg5 Nd8 31. Nxe4 dxe4 32. Qxe4 Qxc3 33. Qe5+ Kg8 34. Nf6+ Kf8 35. Qe7+ Kg7 36. Ne8+ Kg8 37. Rac1 Qxc1 38. Rxc1 Rxc1+ 39. Kh2 Nc6 40.
Qxb7 Nxd4 41. Qb2 Rd1 42. Nf6+ Kg7 43. Ng4 Kh7 44. Ne3 Rd3 45. Ng4 Ne6 46. Qf6 Rd7 47.
Ne5 Rc7 48. Nxf7 Ng7 49. Qxh4+ Nh5 50. Ng5+ Kh6 51. g4 Rc2 52. gxh5 Kg7 53. h6+ Kh8 54. Qd4+ Kg8 55. Qg7# 1-0

[Event "Early-Titled-Tuesday-Blitz-May-07-2024"]
[Site "Chess.com"]
[Date "2024.05.07"]
[Round "7"]
[White "balack95"]
[Black "IM_ArthurDW08"]
[Result "0-1"]
[WhiteElo "2509"]
[BlackElo "2728"]
[TimeControl "180+1"]
[EndTime "9:22:29 PDT"]
[Termination "IM_ArthurDW08 won by checkmate"]

1. d4 Nf6 2. c4 c5 3. d5 e5 4. Nc3 d6 5. g3 g6 6. Bg2 Bg7 7.
Nh3 O-O 8. O-O Re8 9. e4 Na6 10. Bg5 h6 11. Bd2 Nc7 12. f4 exf4 13. gxf4 Bxh3 14.
Bxh3 Nxe4 15. f5 Qh4 16. Nxe4 Qxh3 17. Ng3 h5 18. fxg6 fxg6 19. Rf3 h4 20. Nf1 Qg4+ 21. Kh1 Qe4 22. Bc3 Bxc3 23. bxc3 Qxc4 24. Qc2 Qe4 25.
Qg2 h3 26. Qxh3 Rf8 27. Nd2 Rxf3 28. Qxf3 Qxf3+ 29. Nxf3 Rf8 30. Kg2 Nxd5 31. Rb1 b6 32. Ng5 Rf5 33. h4 Kf8 34. Rb3 Ke7 35. Ra3 a5 36. c4 Nf4+ 37. Kf3 Ne6+ 38. Kg4 Nxg5 39. hxg5 Ke6 40. Rb3 Rf2 41. Rxb6 Rxa2 42. Rb8 Ra4 43. Re8+ Kf7 44. Re4 d5 45. Rf4+ Ke7 46. Rf6 Rxc4+ 47. Kf3 a4 48. Rxg6 Rb4 49. Rc6 c4 50. Kf4 c3+ 51. Ke5 Rc4 52. Re6+ Kd7 53. Rd6+ Kc7 54. g6 c2 55. g7 c1=Q 56. g8=Q Qf4+ 57. Kxd5 Rd4+ 58.
Kc5 Qxd6+ 59. Kb5 Rb4+ 60. Ka5 Qb6# 0-1

[Event "Early-Titled-Tuesday-Blitz-May-07-2024"]
[Site "Chess.com"]
[Date "2024.05.07"]
[Round "7"]
[White "Aminazinas"]
[Black "Kostukov_Alex"]
[Result "1-0"]
[WhiteElo "2633"]
[BlackElo "2364"]
[TimeControl "180+1"]
[EndTime "9:22:29 PDT"]
[Termination "Aminazinas won on time"]

1. e4 c5 2. Nc3 g6 3. f4 Bg7 4. Nf3 Nc6 5. Bc4 e6 6. O-O Nge7 7. d3 d5 8. Bb3 dxe4 9. dxe4 O-O 10. Be3 b6 11. e5 Ba6 12. Qxd8 Raxd8 13. Rfd1 Nf5 14. Bf2 h5 15. Ba4 Bb7 16. Nb5 a6 17. Nd6 Nxd6 18. Bxc6 Bxc6 19. Rxd6 Rxd6 20. exd6 Bxf3 21. gxf3 Rd8 22. Rd1 a5 23. c4 Rd7 24. Bh4 Bf8 25. Be7 Bxe7 26. dxe7 Rxe7 27. Rd8+ Kg7 28. Rb8 Rd7 29.
Rxb6 Rd4 30. b3 Rd1+ 31. Kf2 Rd2+ 32. Kg3 Rxa2 33. Rb5 Rb2 34. Rxa5 Rxb3 35. Rxc5 Rc3 36. h4 Kf6 37. Kf2 Ke7 38. Rc7+ Ke8 39. Kg2 Rc2+ 40.
Kg3 Kf8 41. c5 Ke8 42. c6 Kf8 43. f5 exf5 44. Kf4 f6 45. Kg3 g5 46. Kh3 Rc3 47. Kg2 f4 48. Rh7 g4 49. Rxh5 Rc2+ 50. Kg1 Rc1+ 51.
Kg2 Rc2+ 52. Kg1 Rc1+ 53. Kf2 g3+ 54. Kg2 Rxc6 55. Rf5 Rc3 56. Rxf4 Kg7 57. Kxg3 Kg6 58. Kg4 Rc1 59. h5+ Kg7 60. Kf5 Rc5+ 61. Kg4 Rg5+ 62.
Kh4 Rg1 63. Rg4+ Rxg4+ 64. Kxg4 1-0

[Event "Early-Titled-Tuesday-Blitz-May-07-2024"]
[Site "Chess.com"]
[Date "2024.05.07"]
[Round "7"]
[White "Aswathchess"]
[Black "Dedic8"]
[Result "0-1"]
[WhiteElo "2645"]
[BlackElo "2870"]
[TimeControl "180+1"]
[EndTime "9:22:30 PDT"]
[Termination "Dedic8 won on time"]

1. c4 e6 2. g3 d5 3. Bg2 dxc4 4. Nf3 a6 5. O-O Nf6 6. Qc2 Nbd7 7. Qxc4 b5 8. Qc2 Bb7 9. d3 c5 10. a4 Be7 11. Na3 Bc6 12. Bf4 O-O 13. Rfc1 Nd5 14. Bd2 Rc8 15. axb5 axb5 16. Qb3 Qb6 17. e4 Nb4 18.
Nd4 Bf6 19. Nxc6 Nxc6 20. Nc2 c4 21. dxc4 bxc4 22. Qxb6 Nxb6 23. Bc3 Ne5 24. Ne3 Nd3 25. Rc2 Bxc3 26. bxc3 Rfd8 27. Bf1 h6 28. Ra6 Nd7 29. Nxc4 Nb8 30. Ra8 Rxc4 31. Bxd3 Rxd3 32. Rxb8+ Kh7 33. Rcb2 Rxe4 34. R2b7 Rf3 35. Kg2 Rf5 36. f4 g5 37.
fxg5 hxg5 38. Rc8 g4 39. Rb4 Re2+ 40. Kg1 Rd5 41. Rf4 Rd1+ 42. Rf1 Rdd2 43. Rxf7+ Kg6 44. Rf4 Rg2+ 45. Kf1 Rxh2 46. Rg8+ Kh7 0-1

[Event "Early-Titled-Tuesday-Blitz-May-07-2024"]
[Site "Chess.com"]
[Date "2024.05.07"]
[Round "7"]
[White "Juicy_Fork"]
[Black "Kunalm64"]
[Result "1-0"]
[WhiteElo "2450"]
[BlackElo "2622"]
[TimeControl "180+1"]
[EndTime "9:22:30 PDT"]
[Termination "Juicy_Fork won on time"]

1. e4 c6 2. d4 d5 3. f3 Qb6 4.
Nc3 dxe4 5. fxe4 e5 6. dxe5 Bc5 7. Nf3 Bf2+ 8. Ke2 Be6 9. Qd3 Bc5 10. b3 Na6 11. Na4 Qc7 12. Nxc5 Nxc5 13. Qe3 b6 14. Ba3 Ne7 15. Bxc5 bxc5 16. Qxc5 O-O 17. Kf2 Ng6 18.
Bd3 Bg4 19. Rhf1 Bxf3 20. gxf3 Nxe5 21. Kg2 Rad8 22. Rad1 Rd6 23. Kh1 Rh6 24. Rd2 Rh3 25.
Rg1 Nxf3 26. Rxg7+ Kxg7 27. Rg2+ Kf6 28. Qf5+ Ke7 29.
Qxh3 Ne5 30. Qh4+ Ke8 31. Qf6 Qe7 32. Qf4 Qe6 33. Bf1 Ke7 34. Qh4+ f6 35. Qxh7+ Rf7 36.
Qh8 Qd6 37. Qa8 Qd4 38. Qb7+ Ke6 39. Qc8+ Kd6 40. Qd8+ Kc5 41. Qa5+ Kd6 42. Rd2 1-0

[Event "Early-Titled-Tuesday-Blitz-May-07-2024"]
[Site "Chess.com"]
[Date "2024.05.07"]
[Round "7"]
[White "vugarrasulov"]
[Black "miragha_yev"]
[Result "1-0"]
[WhiteElo "2980"]
[BlackElo "2833"]
[TimeControl "180+1"]
[EndTime "9:22:32 PDT"]
[Termination "vugarrasulov won by resignation"]

1. e4 c5 2. Nf3 e6 3. d4 cxd4 4. Nxd4 Nf6 5. Nc3 Nc6 6. a3 d5 7. Bb5 Bd7 8. Nxc6 bxc6 9. Bd3 Bd6 10. Qe2 Qc7 11. Bg5 Rb8 12. Bxf6 gxf6 13. Rb1 Qa5 14.
O-O Rg8 15. exd5 cxd5 16. Kh1 Be5 17. f4 Bxc3 18. bxc3 Ke7 19. Rxb8 Rxb8 20. c4 dxc4 21. Bxc4 Qxa3 22. f5 Qc5 23. fxe6 Bxe6 24. Bd3 a5 25. Qf3 Qd4 26. h3 a4 27. Qc6 Rd8 28. Qa6 Qb4 29.
Ra1 Rd4 30. Qa8 h6 31. Bf1 f5 32. Qc6 Rf4 33. c3 Qe4 34. Qc5+ Kf6 35. Kg1 Kg7 36.
c4 Bxc4 37. Bxc4 Qxc4 38. Qe5+ Kg6 39. Kh1 Re4 40. Qh8 Qd4 41. Qg8+ Qg7 42. Qxg7+ Kxg7 43. Kh2 f4 44. Kg1 Kf6 45. Kf2 Ke5 46. Ra3 Rd4 47. Kf3 Kd5 48. Kg4 Kc4 49. Rxa4+ Kd5 50. Rxd4+ Kxd4 51.
Kxf4 Kd3 52. h4 Ke2 53. g4 Kf2 54. h5 Kg2 55. g5 hxg5+ 56. Kxg5 Kg3 57. h6 f5 58.
Kxf5 Kf3 59. h7 1-0

[Event "Early-Titled-Tuesday-Blitz-May-07-2024"]
[Site "Chess.com"]
[Date "2024.05.07"]
[Round "7"]
[White "ural58"]
[Black "LikeWater"]
[Result "0-1"]
[WhiteElo "2526"]
[BlackElo "2683"]
[TimeControl "180+1"]
[EndTime "9:22:32 PDT"]
[Termination "LikeWater won by resignation"]

1. e4 e5 2. Nf3 Nc6 3. Bc4 Bc5 4. b4 Bxb4 5. c3 Ba5 6. d4 d6 7. Qb3 Qd7 8. Nbd2 Bb6 9. O-O Na5 10. Qc2 Nxc4 11. Nxc4 exd4 12. cxd4 Ne7 13. a4 c6 14. e5 dxe5 15. Nfxe5 Qf5 16. Qb2 O-O 17. Nxb6 axb6 18.
Qxb6 Nd5 19. Qb3 f6 20. Nc4 Be6 21. Nd6 Qg4 22. Qd1 Qxd1 23. Rxd1 Nc3 24. Re1 Bd5 25. a5 b5 26. Bd2 b4 27. Bxc3 bxc3 28. Rec1 Rfd8 29.
Nb7 Rdb8 30. Nc5 Rb5 31. a6 Rb2 32. Rxc3 Kf7 33. h3 Ke7 34. Re1+ Kd6 35. Rce3 Rd2 36. Re6+ Bxe6 37. Rxe6+ Kd5 38. Re7 Rxd4 39. Nb3 Rd1+ 40. Kh2 Kc4 41. Na5+ Kb5 42. Nb7 Rxa6 43. Rxg7 Kb6 44.
Rxh7 Ra7 45. Rf7 Rxb7 46. Rxf6 Rc7 47. g4 Kb7 48. g5 c5 49. g6 c4 50. Rf3 c3 51. g7 Rxg7 52. Rxc3 Rdg1 53. Rg3 R1xg3 54. fxg3 Kc6 55. h4 Kd6 56. Kh3 Ke5 0-1

[Event "Early-Titled-Tuesday-Blitz-May-07-2024"]
[Site "Chess.com"]
[Date "2024.05.07"]
[Round "7"]
[White "karinachess1"]
[Black "Lady_Nika"]
[Result "1-0"]
[WhiteElo "2609"]
[BlackElo "2478"]
[TimeControl "180+1"]
[EndTime "9:22:33 PDT"]
[Termination "karinachess1 won on time"]

1. e4 e6 2. d4 d5 3. e5 c5 4.
c3 Qb6 5. Nf3 Bd7 6. a3 c4 7.
Nbd2 Nc6 8. Be2 Na5 9. Rb1 Ne7 10. O-O Ng6 11. g3 Be7 12. Qc2 h5 13. h4 Nf8 14.
b3 cxb3 15. Nxb3 Ba4 16. Nfd2 Nxb3 17. Nxb3 Nd7 18. Qa2 Qc7 19. Be3 Rc8 20. Rfc1 b5 21.
Nd2 a6 22. Nf3 Nb6 23. Bg5 f6 24. exf6 gxf6 25. Bf4 Qc6 26. Ne1 Nc4 27. Nd3 Bxa3 28. Nb4 Bxb4 29. cxb4 Qb6 30. Qa1 Kf7 31. Bf3 Qb7 32. Qa2 Nb6 33. Qe2 Rxc1+ 34. Rxc1 Nc4 35. Bxh5+ Ke7 36. Bg4 Qc6 37. Re1 Re8 38. Qxe6+ Qxe6 39.
Rxe6+ Kf7 40. Rxa6 Re1+ 41. Kg2 Bc2 42. h5 Be4+ 43. f3 Bd3 44. Ra7+ Ke8 45. h6 Re2+ 46. Kh3 Re1 47. Bh5+ Kd8 48. h7 Rh1+ 49. Kg4 f5+ 50. Kg5 Rxh5+ 51. Kxh5 1-0

[Event "Early-Titled-Tuesday-Blitz-May-07-2024"]
[Site "Chess.com"]
[Date "2024.05.07"]
[Round "7"]
[White "highlama"]
[Black "catalin009"]
[Result "0-1"]
[WhiteElo "2401"]
[BlackElo "2566"]
[TimeControl "180+1"]
[EndTime "9:22:33 PDT"]
[Termination "catalin009 won by checkmate"]

1. c4 Nf6 2. Nf3 e6 3. g3 d5 4. Bg2 Be7 5. O-O O-O 6. d4 c6 7.
b3 b6 8. Nc3 Ba6 9. Qd3 Nbd7 10.
Rd1 c5 11. Nb5 Bxb5 12. cxb5 Rc8 13. Bb2 c4 14. bxc4 dxc4 15. Qc2 c3 16. Bc1 Nd5 17. a3 f5 18. Rb1 Bd6 19. Rb3 Qe7 20. e3 N7f6 21. Ne1 Rc4 22. Qd3 Rfc8 23. Nc2 Qd7 24. f3 Bb8 25. e4 fxe4 26. fxe4 Ne7 27. Bh3 Ng6 28. d5 Ne5 29. Qxc4 Rxc4 30. Bxe6+ Kf8 31.
Bxd7 Nfxd7 32. Kg2 Rxe4 33. Rxc3 Nc5 34. Rf1+ Kg8 35.
Ne3 Ned3 36. Rc4 Re8 37. Bd2 Ne5 38. Rh4 Ned3 39. Rh5 Nb3 40. Nc4 Nxd2 41. Nxd2 Re2+ 42. Kh3 Rxd2 43. Rhf5 Bd6 44. Rf7 Ne5 45. Rxa7 h5 46.
Ra8+ Kh7 47. Kh4 Kg6 48. h3 Be7+ 49. Rf6+ Bxf6# 0-1

[Event "Early-Titled-Tuesday-Blitz-May-07-2024"]
[Site "Chess.com"]
[Date "2024.05.07"]
[Round "7"]
[White "juanchesst"]
[Black "MatthewG-p4p"]
[Result "0-1"]
[WhiteElo "2667"]
[BlackElo "2878"]
[TimeControl "180+1"]
[EndTime "9:22:34 PDT"]
[Termination "MatthewG-p4p won by resignation"]

1. d4 Nf6 2. Nf3 c5 3. d5 b5 4. Bg5 g6 5. Bxf6 exf6 6. e4 b4 7. Bd3 Bg7 8. Nbd2 O-O 9. O-O d6 10. a3 a5 11. axb4 cxb4 12. Ra2 Nd7 13. Nc4 Nc5 14. Qa1 a4 15. Nfd2 Ba6 16. Rd1 Re8 17. Bf1 Rc8 18. Ne3 Bxf1 19. Rxf1 Qc7 20. c3 b3 21. Rxa4 Nxa4 22. Qxa4 Rb8 23. Nec4 Bh6 24. f4 Qc5+ 25. Kh1 f5 26. exf5 Qxd5 27. fxg6 hxg6 28.
h3 Re2 29. Nf3 Bxf4 30. Nb6 Qe4 31. Qxe4 Rxe4 32. Nd5 Kg7 33. Nd4 Be5 34. Nc6 Ra8 35.
Ncb4 Bg3 36. Rd1 Rae8 37. Nd3 Re2 38. Kg1 g5 39. Kf1 f5 40. Nc7 R8e3 41. Nd5 Re4 42. c4 Rc2 43. Nc3 Rxc4 44. Ne1 Rf2+ 45. Kg1 Rxb2 46.
Nd5 Re2 47. Nd3 b2 48. Nxb2 Rxb2 49. Ne7 Kf6 50. Nd5+ Ke6 51. Ne3 Bf2+ 0-1

[Event "Early-Titled-Tuesday-Blitz-May-07-2024"]
[Site "Chess.com"]
[Date "2024.05.07"]
[Round "7"]
[White "GM_dmitrij"]
[Black "GMG"]
[Result "1-0"]
[WhiteElo "3047"]
[BlackElo "2826"]
[TimeControl "180+1"]
[EndTime "9:22:36 PDT"]
[Termination "GM_dmitrij won on time"]

1. d4 f5 2. c4 Nf6 3. Nf3 e6 4. e3 d5 5. Be2 Bd6 6. O-O c6 7.
b3 Qe7 8. a4 a5 9. Ba3 Ne4 10.
Bxd6 Qxd6 11. Qc2 O-O 12. Nc3 Nd7 13. Rfc1 b6 14. Qb2 Bb7 15. Rab1 c5 16. cxd5 exd5 17. Rd1 Kh8 18. Rbc1 Rac8 19. dxc5 bxc5 20. Nb5 Qh6 21. Ne5 Ndf6 22. f4 g5 23. fxg5 Qxg5 24. Bf3 Qxe3+ 25. Kf1 d4 26. Nc4 Qf4 27. Kg1 Ng4 28. Bxg4 Qxg4 29. Nbd6 Rc7 30. Nxb7 Rxb7 31. Ne5 Qg8 32. Rxc5 Nxc5 33.
Qxd4 Qg7 34. Qxc5 Rc7 35. Qd6 Re7 36. Nf3 Rfe8 37. Qc5 Re2 38. g3 f4 39. Ng5 fxg3 40. hxg3 R2e5 41. Rd5 Re1+ 42. Kg2 R1e2+ 43. Kh3 h6 44.
Nf3 R2e3 45. Rf5 Qg6 46. Qd4+ Kh7 47. Qf4 R3e7 48. Rf6 Qg7 49. Nh4 Re6 50. Qf5+ 1-0